 Dungeon Crawl Stone Soup version 0.24.0-29-g8ce449bc06 (webtiles) character file.

Game seed: 16464104993179175093, levelgen mode: deterministic

1029 KamiKatze the Chopper (level 8, 0/69 HPs)
             Began as a Centaur Fighter on Nov 13, 2019.
             Slain by a howler monkey (4 damage)
             ... on level 6 of the Dungeon on Nov 15, 2019.
             The game lasted 00:13:21 (4009 turns).

KamiKatze the Chopper (Centaur Fighter)             Turns: 4009, Time: 00:13:22

Health: 0/69       AC:  7    Str: 24    XL:     8   Next: 3%
Magic:  8/8        EV:  7    Int:  7    God:
Gold:   221        SH: 10    Dex:  9    Spells: 7/7 levels left

rFire    . . .     SeeInvis .   a - +1 war axe
rCold    . . .     Gourm    .   c - +1 shield
rNeg     . . .     Faith    .   v - +0 troll leather armour {Purgy}
rPois    .         Spirit   .   n - +2 hat
rElec    .         Reflect  .   (no cloak)
rCorr    .         Harm     .   (no gloves)
MR       .....                  (no barding)
Stlth    ..........             e - amulet of the acrobat
HPRegen  0.61/turn              g - ring of flight
MPRegen  0.11/turn              j - +3 ring of strength

@: very quick
A: large, hooves 3, deformed body, speed 2, tough skin 3
a: Evoke Flight


You were on level 6 of the Dungeon.
You were not hungry.

You visited 1 branch of the dungeon, and saw 6 of its levels.
You also visited: Sewer.

You collected 221 gold pieces.

Inventory:

Hand Weapons
 a - a +1 war axe (weapon)
 o - a +0 trident
 r - a +2 flail of protection
Missiles
 h - 212 stones (quivered)
 y - 15 poisoned darts
Armour
 b - a +0 scale mail
 c - a +1 shield (worn)
 n - a +2 hat (worn)
 p - a +0 helmet
 v - a +0 troll leather armour (worn) {Purgy}
Jewellery
 e - an amulet of the acrobat (around neck)
 g - a ring of flight (left hand)
 j - a +3 ring of strength (right hand)
Scrolls
 l - 3 scrolls of blinking
 m - 2 scrolls of remove curse
 s - a scroll of enchant weapon
 w - 2 scrolls of teleportation
Potions
 d - a potion of might
 i - a potion of invisibility {unknown}
 q - 3 potions of lignification
 t - a potion of brilliance
 u - a potion of heal wounds
 x - a potion of agility
 z - a potion of flight
 A - 2 potions of mutation {unknown}
Comestibles
 f - 11 rations
 k - 8 chunks of flesh


   Skills:
 + Level 5.4 Fighting
 * Level 6.2 Axes
 - Level 2.1 Armour
 + Level 4.1 Shields


You had 7 spell levels left.
You didn't know any spells.
Your spell library was empty.

Dungeon Overview and Level Annotations

Branches:
Dungeon (6/15)              Sewer (visited)
 Temple: D:4-7

Altars:
Cheibriados
Elyvilon
Makhleb
Sif Muna
Wu Jian
Xom
Yredelemnul

Annotations:
D:1 dig a tunel to exit in w:0?


Innate Abilities, Weirdness & Mutations

You have hooves in place of feet.
Armour fits poorly on your strangely shaped body.
You cover ground very quickly.
You have extremely tough skin. (AC +3)


Message History

* * * LOW HITPOINT WARNING * * *
The orc warrior hits you with a +0 long sword.
* * * LOW HITPOINT WARNING * * *
You completely miss the orc wizard. Your kick misses the orc wizard.
The orc wizard is moderately wounded.
You hit the orc warrior but do no damage.
You closely miss the howler monkey. The howler monkey closely misses you.
The orc wizard gestures at you while chanting.
You resist with some effort.
The orc warrior hits you with a +0 long sword.
* * * LOW HITPOINT WARNING * * *
The orc wizard hits you but does no damage.
The howler monkey hits you.
* * * LOW HITPOINT WARNING * * *
You hit the orc wizard.
The orc wizard is heavily wounded.
You closely miss the howler monkey.
You hit the orc warrior but do no damage.
The howler monkey hits you.
You die...

.....#รท.)......##
.#####........... ...
.#.............#.
###...
.................
.....#
#####......#..##
#......
#......<.######.......
#......#..####........
#...........##oo......
#......###....@h......
#......# ###...Z......
#...<..# #####....#.
#......# ###.#
#......# #


You could see an orc warrior, a howler monkey, an orc wizard and a centaur
zombie.

Vanquished Creatures
  Purgy (Sewer)
  A phantom (D:4)
  An orc warrior (D:5)
  A gnoll sergeant (D:5)
  3 scorpions
  A crimson imp (D:5)
  An orc priest (D:6)
  A jelly (D:5)
  A centaur skeleton (D:4)
  2 orc wizards
  7 worker ants
  Robin (D:2)
  3 gnolls (D:5)
  5 adders
  An ooze (D:1)
  A worm (D:2)
  2 dart slugs (D:1)
  6 leopard geckos
  12 orcs
  A ball python (D:2)
  6 giant cockroaches
  10 goblins
  10 hobgoblins
  3 jackals (D:5)
  A quokka (D:3)
  12 bats
  7 frilled lizards
  A jackal skeleton (D:4)
  6 kobolds
  5 rats
113 creatures vanquished.

Notes
Turn   | Place    | Note
-------+----------+-------------------------------------------
     0 | D:1      | KamiKatze the Centaur Fighter began the quest for the Orb.
     0 | D:1      | Reached XP level 1. HP: 19/19 MP: 1/1
   193 | D:1      | Reached skill level 2 in Axes
   228 | D:1      | Reached XP level 2. HP: 24/26 MP: 2/2
   333 | D:1      | Upgraded the game from 0.24.0-28-g17ded55e90 to
                  | 0.24.0-29-g8ce449bc06
   677 | D:2      | Reached XP level 3. HP: 31/31 MP: 3/3
   708 | D:2      | Found a white marble altar of Elyvilon.
   924 | D:2      | Found a snail-covered altar of Cheibriados.
   939 | D:2      | Noticed Robin
   952 | D:2      | Killed Robin
   955 | D:2      | Reached skill level 3 in Axes
  1138 | D:2      | Reached XP level 4. HP: 29/38 MP: 4/4
  1211 | D:2      | You fall into a shaft and drop 1 floor!
  1212 | D:3      | Found an ornate altar of the Wu Jian Council.
  1942 | D:4      | Reached XP level 5. HP: 45/46 MP: 5/5
  1975 | D:4      | Noticed a phantom
  2013 | D:4      | Killed a phantom
  2013 | D:4      | Reached skill level 4 in Axes
  2013 | D:4      | Reached XP level 6. HP: 37/52 MP: 6/6
  2609 | D:5      | Entered Level 5 of the Dungeon
  2694 | D:5      | Found a shimmering altar of Xom.
  2695 | D:5      | Found a burning altar of Makhleb.
  2752 | D:5      | Found a glowing drain.
  2770 | D:5      | Reached skill level 5 in Axes
  2770 | D:5      | Reached XP level 7. HP: 28/60 MP: 7/7
  2863 | D:5      | Found a shimmering blue altar of Sif Muna.
  2866 | Sewer    | Entered a sewer
  3044 | Sewer    | Noticed Purgy
  3052 | Sewer    | Killed Purgy
  3211 | D:5      | Reached skill level 5 in Fighting
  3233 | D:5      | Found a basalt altar of Yredelemnul.
  3568 | D:5      | Reached skill level 6 in Axes
  3978 | D:6      | Reached XP level 8. HP: 65/69 MP: 8/8
  4008 | D:6      | HP: 3/69 [howler monkey (3)]
  4009 | D:6      | Slain by a howler monkey

Levels and vault maps discovered:
D:1:      nagdon_arrival_double_spiral, layout_loops_ring
D:2:      layout_rooms, elyvilon_altar_4, overflow_temple_1_default,
          st_stairs_1, uniq_robin
D:3:      layout_rooms, old_standard_altar, first_ration
D:4:      layout_cave_pools
D:5:      layout_gridville, grunt_temple_overflow_champion_of_chaos,
          grunt_temple_overflow_open, gup_sewer_entry_glass
D:6:      layout_rooms, tgw_fedhas

Skill      XL: |  1  2  3  4  5  6  7 |
---------------+----------------------+-----
Axes           | 2 3 4 5 6 |  6.2
Shields        | 3 4 |  4.1
Fighting       | 4 5 |  5.4
Armour         | |  2.1

Action                   |  1- 3 |  4- 6 |  7- 9 || total
-------------------------+-------+-------+-------++-------
Melee: War axe           |   105 |   154 |   113 ||   372
       Kick              |    11 |    28 |    31 ||    70
Throw: Stone             |       |     7 |     4 ||    11
  Use: Scroll            |       |     9 |     2 ||    11
       Potion            |       |       |     1 ||     1
  Eat: Chunk             |       |     5 |     3 ||     8
Armor: Scale mail        |    71 |    64 |    25 ||   160
       Troll leather arm |       |       |    34 ||    34
Dodge: Dodged            |    28 |    33 |    37 ||    98
Block: Shield            |    65 |    79 |    64 ||   208
